AoeStats
← ITZ | AutocavS

Arena

509249905Analyzed
2v2 RM · 7d ago on Sep 26, 2026· 57m 10s· 4 players
Game mode
Random Map
Map size
Medium (4 player)
Population
200
Speed
Normal
Resources
Standard
Victory
Conquest
Starting age
Dark Age
Ending age
Imperial Age
RankedLock teamsTeams togetherTeam positionsShared explorationLock speedFull tech treeHidden civsTurbo modeCheats
Victory
Defeat
🇦🇷 Gurjaras · Argentina
1419
+15
🇦🇷 Cumans · Argentina
1405
+16
🇵🇪 Britons · Peru
1426
-17
🇦🇷 Japanese · Argentina
1370
-14
King Nothing
10:13 Feudal Age
15:52 Castle Age
14:19 Stone Mining
14:36 Horse Collar
16:21 Double-Bit Axe
18:28 Bow Saw
18:21 Heavy Plow
18:36 Scale Mail Armor
18:47 Forging
21:56 Chain Mail Armor
21:42 Gold Mining
25:23 Loom
26:15 Wheelbarrow
30:40 Iron Casting
30:35 Squires
32:59 Gold Shaft Mining
31:48 Pikeman
37:08 Imperial Age
37:06 Hand Cart
39:37 Fletching
39:48 Padded Archer Armor
41:13 Two-Man Saw
40:14 Heavy Cavalry Archer
41:20 Parthian Tactics
40:54 Bodkin Arrow
41:15 Leather Archer Armor
42:29 Thumb Ring
42:29 Bracer
43:31 Chemistry
43:39 Ring Archer Armor
43:37 Ballistics
44:21 Elite Skirmisher
45:52 Conscription
45:23 Elite Skirmisher
48:15 Bloodlines
48:05 Husbandry
50:44 Light Cavalry
52:01 Kataparuto
53:48 Scale Barding Armor
54:44 Blast Furnace
55:00 Chain Barding Armor
56:47 Plate Mail Armor
TVHG.Phraymus
8:59 Feudal Age
9:39 Double-Bit Axe
16:34 Castle Age
16:09 Fletching
16:57 Crossbowman
19:13 Bodkin Arrow
24:39 Bow Saw
32:07 Imperial Age
29:41 Squires
30:12 Loom
30:03 Pikeman
31:43 Ballistics
32:40 Gold Mining
32:34 Halberdier
33:45 Bracer
35:44 Chemistry
37:24 Conscription
39:22 Warwolf
39:44 Forging
39:35 Scale Mail Armor
42:12 Yeomen
41:29 Elite Longbowman
44:41 Chain Mail Armor
45:01 Iron Casting
45:13 Padded Archer Armor
50:07 Plate Mail Armor
ITZ | Cappe73
10:15 Feudal Age
14:19 Castle Age
12:18 Double-Bit Axe
12:38 Horse Collar
20:50 Scale Barding Armor
20:39 Light Cavalry
22:51 Bloodlines
23:01 Husbandry
23:06 Loom
24:30 Wheelbarrow
25:08 Sanctity
24:59 Fervor
24:55 Heavy Plow
26:28 Gold Mining
27:06 Hand Cart
31:02 Town Watch
31:58 Hand Cart
31:57 Bow Saw
33:26 Masonry
33:35 Atonement
37:39 Imperial Age
35:51 Kshatriyas
36:40 Scale Mail Armor
36:51 Forging
37:57 Chain Mail Armor
37:47 Stone Mining
38:48 Conscription
37:56 Elite Chakram Thrower
39:45 Hoardings
39:21 Arson
40:30 Fletching
40:40 Padded Archer Armor
41:28 Bodkin Arrow
42:45 Crop Rotation
42:37 Leather Archer Armor
41:46 Elite Skirmisher
42:32 Thumb Ring
42:03 Elite Elephant Archer
43:09 Ballistics
45:29 Chemistry
45:00 Architecture
44:32 Bracer
45:48 Plate Mail Armor
45:54 Iron Casting
47:44 Frontier Guards
48:25 Caravan
48:57 Coinage
49:07 Elite Skirmisher
51:51 Hussar
54:01 Chain Barding Armor
54:34 Treadmill Crane
56:14 Plate Barding Armor
ITZ | AutocavS
9:03 Feudal Age
9:50 Double-Bit Axe
11:45 Horse Collar
17:40 Loom
20:35 Castle Age
18:37 Gold Mining
20:13 Wheelbarrow
21:23 Scale Barding Armor
22:06 Bloodlines
22:10 Forging
23:11 Gold Shaft Mining
27:00 Chain Barding Armor
28:10 Stone Mining
29:25 Town Watch
32:55 Imperial Age
32:51 Heavy Plow
33:16 Cavalier
35:05 Iron Casting
35:57 Hand Cart
37:38 Plate Barding Armor
38:54 Blast Furnace
39:24 Fletching
39:17 Paladin
40:41 Bodkin Arrow
40:47 Padded Archer Armor
40:12 Elite Skirmisher
40:58 Thumb Ring
41:18 Bow Saw
41:56 Ballistics
42:37 Chemistry
42:32 Leather Archer Armor
44:26 Ring Archer Armor
46:26 Capped Ram
48:50 Siege Ram
53:31 Crop Rotation
55:50 Caravan
57:06 Two-Man Saw
Connection lost

Rejoining the realm…

Still unreachable

The connection could not be restored.

Session expired

The server has moved on; the page needs a fresh start.